[Event "*** Titled Tuesday 3|2 Blitz"]
[Site "Chess.com"]
[Date "2015.06.02"]
[Round "1"]
[White "grandmastergauri"]
[Black "MinhGTrAn"]
[Result "1-0"]
[WhiteElo "2279"]
[BlackElo "2570"]
[TimeControl "180+2"]
[EndTime "11:08:48 PDT"]
[Termination "grandmastergauri won on time"]

1. e4 c5 2. Nf3 d6 3. d4 cxd4 4. Nxd4 Nf6 5. Nc3 a6 6. g3 e5 7. Nb3 Be6 8. Bg2 Nbd7 9. O-O Be7 10. a4 O-O 11. Kh1 Rc8 12. f4 b5 13. axb5 axb5 14. Na5 b4 15. Nd5 Bxd5 16. exd5 Qb6 17. Nc6 Rfe8 18. Re1 Bf8 19. Be3 Nc5 20. fxe5 dxe5 21. Ra4 b3 22. c4 Qc7 23. Ra7 Qd6 24. Bg1 Nfd7 25. Qg4 Ra8 26. Rea1 Rxa7 27. Rxa7 e4 28. Be3 Nf6 29. Qf5 Nd3 30. Bd4 e3 31. Qxd3 e2 32.
Bc3 e1=Q+ 33. Bxe1 Rxe1+ 34. Bf1 Qc5 35. Kg2 Ng4 36.
Qd4 Ne3+ 37. Kf2 Rxf1+ 38. Kxe3 Re1+ 39. Kd2 Rf1 40. Qxc5 1-0

[Event "*** Titled Tuesday 3|2 Blitz"]
[Site "Chess.com"]
[Date "2015.06.02"]
[Round "1"]
[White "Danirod"]
[Black "amandarm"]
[Result "1-0"]
[WhiteElo "2399"]
[BlackElo "2028"]
[TimeControl "180+2"]
[EndTime "11:08:52 PDT"]
[Termination "Danirod won by resignation"]

1. e4 c5 2. Nf3 e6 3. c3 d5 4. exd5 exd5 5. d4 cxd4 6. Nxd4 Nc6 7. Bb5 Bd7 8. O-O Nf6 9. Bg5 Be7 10. Re1 O-O 11. Qa4 Nxd4 12. Bxd7 Nc2 13. Qxc2 Qxd7 14.
Nd2 Rac8 15. Qd3 Rfd8 16. Rad1 h6 17. Bh4 b5 18. Nf3 a6 19. Ne5 Qd6 20. Bg3 Qc5 21.
Nf3 Ne4 22. Nd4 Nxg3 23. hxg3 Bf6 24. Nf5 Qc4 25. a3 Qg4 26. f3 Qc4 27. Ne7+ Bxe7 28. Rxe7 Qc5+ 29. Qe3 Qxe3+ 30. Rxe3 Rc5 31. Rd4 Kf8 32.
g4 f6 33. Kf2 Kf7 34. Kg3 g6 35. Kf4 Rd6 36. Red3 Ke6 37. Re3+ Kd7 38. Kg3 Rc4 39. Red3 Rxd4 40. Rxd4 Ke6 41. Kf4 g5+ 42. Ke3 f5 43.
gxf5+ Kxf5 44. g4+ Ke5 45. a4 Rb6 46. a5 Rc6 47.
f4+ gxf4+ 48. Rxf4 Rc4 49. Rf5+ Ke6 50. Rh5 Rxg4 51.
Rxh6+ Ke5 52. Rxa6 Rg3+ 53. Kd2 Rg2+ 54. Kc1 Ke4 55.
Rd6 Rg1+ 56. Kc2 Rg2+ 57. Kb3 Rg7 58. Rb6 Ra7 59. Rxb5 Ke5 60. c4 Kd6 61. Rxd5+ Kc6 62. Ka4 Ra6 63. b4 Ra7 64. b5+ Kc7 65. b6+ 1-0

[Event "*** Titled Tuesday 3|2 Blitz"]
[Site "Chess.com"]
[Date "2015.06.02"]
[Round "1"]
[White "jup1978"]
[Black "jcibarra"]
[Result "0-1"]
[WhiteElo "2177"]
[BlackElo "2535"]
[TimeControl "180+2"]
[EndTime "11:09:02 PDT"]
[Termination "jcibarra won by resignation"]

1. Nf3 Nf6 2. g3 g6 3. Bg2 Bg7 4. O-O O-O 5. d4 d6 6. c3 Nbd7 7. Re1 e5 8. dxe5 dxe5 9. Bg5 h6 10. Bxf6 Qxf6 11. e4 Qe7 12. Nbd2 b6 13. Qb3 Nc5 14. Qc2 a5 15. Nb3 Ne6 16. Rad1 Bb7 17. h3 Kh7 18. Nh2 h5 19. Nf1 h4 20. g4 Nf4 21. Ne3 a4 22. Nd2 Qc5 23. Nf3 Bf6 24. g5 Be7 25. Ng4 Rae8 26. Qd2 Rd8 27. Qc2 Ne6 28.
Nfxe5 Bd6 29. Nf3 Nxg5 30. Rd5 Nxf3+ 31. Bxf3 Bxd5 32. exd5 f5 33. Ne3 b5 34. Ng2 Rde8 35. Rd1 Kg7 36. Nxh4 Qc4 37. Ng2 Qxa2 38. h4 a3 39. h5 Qxb2 40. Qd3 a2 41. Qd4+ Be5 42. Qa7 Ra8 43. Qc5 Qxc3 44. Qe7+ Rf7 45. Qe6 Bf6 46. h6+ Kf8 47. Nf4 Qxf3 48. Nxg6+ Kg8 49. Ne7+ Bxe7 50. Qg6+ Kh8 0-1

[Event "*** Titled Tuesday 3|2 Blitz"]
[Site "Chess.com"]
[Date "2015.06.02"]
[Round "1"]
[White "esr44"]
[Black "petrpalachev"]
[Result "0-1"]
[WhiteElo "2017"]
[BlackElo "2385"]
[TimeControl "180+2"]
[EndTime "11:09:07 PDT"]
[Termination "petrpalachev won by resignation"]

1. d4 Nf6 2. c4 e6 3. Nc3 Bb4 4. Nf3 d5 5. Qa4+ Nc6 6. Bg5 h6 7. Bxf6 Qxf6 8. e3 O-O 9. cxd5 exd5 10. Be2 Bf5 11. O-O Rfd8 12. Rac1 a6 13. h3 Bf8 14.
Qb3 Qd6 15. Rfd1 b5 16. Ne5 Na5 17. Qa3 Qxa3 18. bxa3 Bxa3 19. Bf3 Bxc1 20. Rxc1 Be6 21. Ne2 Nc4 22. Nf4 Nxe5 23. dxe5 Rac8 24. Rc6 d4 25. Nxe6 fxe6 26. exd4 Kf7 27. Bg4 Re8 28. d5 exd5 29.
Bxc8 Rxc8 30. f4 Ke7 31. f5 Kd7 32. Rxa6 c5 33. Ra7+ Rc7 34. e6+ Kd6 35. Ra8 c4 36. Rd8+ Ke5 37. g4 c3 38. Rd7 Rc8 39. e7 Re8 40. Rc7 b4 41. a3 Kd6 42. Rb7 bxa3 43. Rb3 a2 44. Ra3 c2 45. Ra6+ Kxe7 46. Re6+ Kf7 0-1

[Event "*** Titled Tuesday 3|2 Blitz"]
[Site "Chess.com"]
[Date "2015.06.02"]
[Round "1"]
[White "JustaTrickstar"]
[Black "alexsuper1987"]
[Result "1-0"]
[WhiteElo "2445"]
[BlackElo "2071"]
[TimeControl "180+2"]
[EndTime "11:09:10 PDT"]
[Termination "JustaTrickstar won by resignation"]

1. d4 Nf6 2. c4 c5 3. d5 e6 4. Nc3 exd5 5. cxd5 d6 6. Nf3 g6 7. Nd2 Nbd7 8. e4 Bg7 9. Be2 O-O 10.
O-O a6 11. a4 Rb8 12. Re1 Qc7 13. Qc2 Re8 14. Nf1 c4 15. a5 b5 16. axb6 Nxb6 17. Be3 Ng4 18. Bxg4 Bxg4 19. Rxa6 Nd7 20.
Rc6 Qb7 21. Rxc4 Qxb2 22. Qxb2 Rxb2 23. Na4 Ra2 24. f4 Nf6 25. Nc3 Rc2 26. Rc1 Rxc1 27.
Bxc1 h5 28. h3 Bc8 29. Nd2 Ba6 30. Rc6 Bd3 31. e5 dxe5 32. fxe5 Rxe5 33. Nf3 Re8 34. Bg5 Ne4 35. d6 f6 36. Bf4 Nxc3 37. Rxc3 Be4 38. d7 Rd8 39. Rc8 Rxc8 40. dxc8=Q+ Kh7 41. Nd2 Bf3 42. gxf3 g5 1-0

[Event "*** Titled Tuesday 3|2 Blitz"]
[Site "Chess.com"]
[Date "2015.06.02"]
[Round "1"]
[White "ecwinslow"]
[Black "RitvarsReimanis"]
[Result "1-0"]
[WhiteElo "2021"]
[BlackElo "2338"]
[TimeControl "180+2"]
[EndTime "11:09:10 PDT"]
[Termination "ecwinslow won by resignation"]

1. e4 c6 2. d4 d5 3. exd5 cxd5 4. c4 Nf6 5. Nc3 e6 6. Nf3 Be7 7. cxd5 Nxd5 8. Bd3 h6 9. O-O Nc6 10. a3 Bf6 11. Be4 Nxc3 12. bxc3 Bd7 13. Bf4 Rc8 14. Re1 O-O 15. Bc2 Ne7 16. Qd3 Ng6 17. Bd6 Re8 18.
h4 Bc6 19. h5 Qxd6 20. hxg6 fxg6 21. Ne5 Bxe5 22. Rxe5 Rf8 23. Qxg6 Rf6 24. Qh7+ Kf7 25. Rae1 Bd5 26. R1e3 Qxa3 27. Rg3 Qc1+ 28. Kh2 Rg8 29. Ree3 Kf8 30. Be4 Bc4 31. Ref3 Rf4 32. Qg6 e5 33. Rxf4+ Qxf4 34. Kg1 Qf6 35. Rf3 Qxf3 36. Bxf3 exd4 37. cxd4 Ke7 38. Qe4+ Kd6 39. Qxb7 a6 40. Qc6+ Ke7 41. Qxc4 Rc8 42. Qxc8 1-0

[Event "*** Titled Tuesday 3|2 Blitz"]
[Site "Chess.com"]
[Date "2015.06.02"]
[Round "1"]
[White "Vandros57"]
[Black "HZMC92"]
[Result "0-1"]
[WhiteElo "1861"]
[BlackElo "2314"]
[TimeControl "180+2"]
[EndTime "11:09:12 PDT"]
[Termination "HZMC92 won on time"]

1. d4 d5 2. c4 e6 3. Nc3 c6 4. e3 f5 5. Nh3 Bd6 6. Be2 Nh6 7. Nf4 O-O 8. O-O Qe7 9. c5 Bc7 10. Nd3 Nd7 11. f4 Kh8 12. Bd2 Nf6 13. Be1 Ne4 14.
Nxe4 fxe4 15. Ne5 Nf5 16. Qd2 Bd7 17. b4 g5 18. g3 gxf4 19. gxf4 Rg8+ 20. Kh1 Bxe5 21.
dxe5 Qg7 22. Bd1 Nxe3 23. Qe2 Nxf1 24. Qxf1 Raf8 25. Bg3 Qxe5 26. Be2 Qf6 27. Rd1 e5 28. fxe5 Qxf1+ 29. Bxf1 Bg4 30. Re1 h5 31. Bg2 Bf3 32.
Bxf3 Rxf3 33. e6 Rfxg3 34. hxg3 Re8 35. Kg2 Rxe6 36. Rh1 Re5 37. g4 Kg7 38. gxh5 Kh6 39.
Kf2 Rxh5 40. Rg1 Rg5 41. Rh1+ Kg7 42. Ke3 Rg3+ 43. Kd4 Rd3+ 44. Ke5 Rg3 45. Rf1 e3 46. Kd4 Kg6 47. a4 a6 48. b5 axb5 49. axb5 cxb5 50.
Kxd5 e2 51. Re1 Re3 52. Kd4 Re8 53. Kd3 Kf5 54. Kd2 Re4 55. Kc3 Ke5 56. Kd3 Kd5 0-1

[Event "*** Titled Tuesday 3|2 Blitz"]
[Site "Chess.com"]
[Date "2015.06.02"]
[Round "1"]
[White "GMG"]
[Black "Tirantes"]
[Result "1-0"]
[WhiteElo "2476"]
[BlackElo "2123"]
[TimeControl "180+2"]
[EndTime "11:09:24 PDT"]
[Termination "GMG won by resignation"]

1. c4 e5 2. Nc3 Nf6 3. Nf3 Nc6 4. g3 d5 5. cxd5 Nxd5 6. Bg2 Nb6 7. O-O Be7 8. Rb1 O-O 9. b4 f6 10. b5 Nd4 11. a4 a5 12. e3 Nxf3+ 13. Bxf3 Kh8 14. d3 Rb8 15. Qc2 Be6 16. Bd2 Qd7 17. Rfd1 Rfd8 18. Be1 Bf5 19. Ne4 Ra8 20. Rbc1 Rdc8 21. h4 c5 22.
bxc6 Rxc6 23. Qb3 Be6 24. Qb5 Rxc1 25. Rxc1 Qxb5 26. axb5 Bb4 27. Nc5 Rc8 28. Bxb4 axb4 29. Bxb7 Rc7 30. Bc6 Bd5 31. Na6 Rc8 32. Nxb4 Be6 33.
Ra1 h5 34. Ra6 Rb8 35. Ra7 Kg8 36. Na6 Rd8 37. Rb7 Na4 38. Rb8 Rxb8 39. Nxb8 Kf8 40.
Nd7+ Ke7 41. b6 Bxd7 42. b7 Bxc6 43. b8=Q Bd7 44. Qh8 Kf7 45. Qxh5+ Kg8 46. Qf3 Be8 47.
Qd5+ Kf8 48. Qd6+ Kf7 49. Qb4 Bd7 50. f3 Ke6 51. Kf2 Kf7 52. g4 Be8 53. e4 g6 54.
Kg3 Bd7 55. f4 exf4+ 56. Kxf4 Ke6 57. g5 fxg5+ 58. hxg5 Be8 59. d4 Kf7 60. d5 Bd7 61. e5 Be8 62. e6+ Kg8 63. Ke5 1-0

[Event "*** Titled Tuesday 3|2 Blitz"]
[Site "Chess.com"]
[Date "2015.06.02"]
[Round "1"]
[White "AungTZ"]
[Black "GMHess"]
[Result "0-1"]
[WhiteElo "2122"]
[BlackElo "2482"]
[TimeControl "180+2"]
[EndTime "11:09:24 PDT"]
[Termination "GMHess won by resignation"]

1. e4 g6 2. d4 Bg7 3. Nc3 d6 4. Be2 Nf6 5. Be3 O-O 6. h4 h5 7.
Nh3 e5 8. d5 Ng4 9. Bg5 f6 10.
Bd2 c6 11. f3 Nh6 12. Be3 f5 13. Bg5 Qb6 14. Qd2 Nf7 15. O-O-O f4 16. Rhg1 Re8 17. g3 Bxh3 18. gxf4 Nxg5 19. Rxg5 Kh7 20. Kb1 Bh6 21. Rgg1 Bxf4 22. Qe1 c5 23. Bf1 Bxf1 24. Qxf1 Nd7 25. Qh3 Nf8 26. Ne2 Bh6 27. Rg2 Qd8 28.
Rdg1 Be3 29. Rf1 Qf6 30. f4 Bxf4 31. Ng1 Re7 32. Nf3 Qg7 33. a3 Rf7 34. Ng1 Bh6 35. Rgf2 Rxf2 36. Rxf2 Nd7 37. Qb3 Nb6 38. Nh3 Rf8 39. Rxf8 Qxf8 40. a4 Qf1+ 41. Ka2 Qc4 42. a5 Qxb3+ 43. Kxb3 Nd7 44. Ka4 Nf6 45. Kb5 Nxe4 46.
a6 bxa6+ 47. Kc6 a5 48. b3 Bf8 49. Kd7 Bh6 50. Kc6 Be3 51. Kd7 g5 52. hxg5 Nxg5 53.
Nxg5+ Bxg5 54. Kxd6 h4 55. Kxe5 h3 56. Kf5 0-1

[Event "*** Titled Tuesday 3|2 Blitz"]
[Site "Chess.com"]
[Date "2015.06.02"]
[Round "1"]
[White "NFork"]
[Black "Lupul_Cenusiu"]
[Result "0-1"]
[WhiteElo "2076"]
[BlackElo "2452"]
[TimeControl "180+2"]
[EndTime "11:09:26 PDT"]
[Termination "Lupul_Cenusiu won by resignation"]

1. e4 c5 2. c3 Nf6 3. e5 Nd5 4.
Nf3 d6 5. d4 cxd4 6. cxd4 Nc6 7. exd6 e6 8. Bc4 Bxd6 9. O-O O-O 10. Nc3 Nxc3 11. bxc3 b6 12. Bd3 Be7 13. Qc2 g6 14. Bh6 Re8 15. Qd2 Bb7 16. Qf4 Qd6 17. Qe3 Rac8 18. Bf4 Qd5 19. c4 Qd7 20. Rad1 Rcd8 21. Bb1 Qc8 22. Ne5 Nxe5 23. Bxe5 Qxc4 24. Qh6 Bf8 25.
Qh4 Bg7 26. Bxg7 Kxg7 27. Qf4 Qd5 28. f3 e5 29. Qh4 exd4 30. Be4 Qd7 31. Bxb7 Qxb7 32.
Rxd4 Rxd4 33. Qxd4+ Kg8 34. h4 Qe7 35. Rd1 h5 36.
Kh2 Qe5+ 37. Qxe5 Rxe5 38. Rd4 Rc5 39. a4 Kf8 40. g4 Ke7 41. gxh5 Rxh5 42. Kg3 Ke6 43.
Re4+ Re5 44. Rf4 a6 45. Rb4 b5 46. axb5 axb5 47. f4 Rf5 48. Kg4 Kd6 49. Rb1 Kc5 50. Rc1+ Kb4 51. Re1 Ka4 52. Re7 b4 53. h5 Rxh5 54.
Rxf7 b3 55. Ra7+ Kb4 56. Rb7+ Rb5 0-1

[Event "*** Titled Tuesday 3|2 Blitz"]
[Site "Chess.com"]
[Date "2015.06.02"]
[Round "1"]
[White "LittlePeasant"]
[Black "Colombiano07"]
[Result "1-0"]
[WhiteElo "2368"]
[BlackElo "1989"]
[TimeControl "180+2"]
[EndTime "11:09:28 PDT"]
[Termination "LittlePeasant won by resignation"]

1. Nf3 Nf6 2. c4 d6 3. g3 e5 4. Bg2 Be7 5. Nc3 O-O 6. d4 Nbd7 7.
O-O Re8 8. e4 c6 9. h3 Bf8 10.
Qc2 a6 11. Rd1 Qc7 12. b3 b6 13. Be3 Bb7 14. Rac1 Rac8 15. c5 dxc5 16. dxe5 Nxe5 17. Nxe5 Qxe5 18. f4 Qe6 19. Bf2 g6 20. Re1 b5 21.
e5 Nd5 22. Ne4 h5 23. Bxc5 h4 24. Bxf8 Rxf8 25. Ng5 Qe7 26. e6 f5 27. Qf2 hxg3 28. Qxg3 Nf6 29. Nf7 Rxf7 30. exf7+ Qxf7 31. Rcd1 Kg7 32. Rd6 Re8 33. Rxe8 Nxe8 34. Qc3+ Kh7 35. Rd8 Qe7 36.
Rb8 Nf6 37. Qe5 Qg7 38. Rxb7 Qxb7 39. Qxf6 Qb6+ 40. Kh2 Qf2 41. Qe7+ Kh6 42. Qe5 Kh7 43. a4 c5 44. axb5 axb5 45. Kh1 c4 46. bxc4 b4 47. Qe7+ Kh6 48. Qxb4 Qxf4 49. Qc3 Qc7 50. c5 g5 51. c6 g4 52. hxg4 fxg4 53. Qf6+ Kh5 54. Qf5+ Kh4 55. Qf2+ Kg5 56. Qd2+ Kh4 57. Kg1 g3 58.
Qd4+ Kg5 59. Bf3 Qa5 60. Qd5+ Qxd5 61. Bxd5 1-0

[Event "*** Titled Tuesday 3|2 Blitz"]
[Site "Chess.com"]
[Date "2015.06.02"]
[Round "1"]
[White "GregShahade"]
[Black "Fh2411"]
[Result "0-1"]
[WhiteElo "2382"]
[BlackElo "2144"]
[TimeControl "180+2"]
[EndTime "11:09:43 PDT"]
[Termination "Fh2411 won by resignation"]

1. c4 c6 2. e4 d5 3. exd5 cxd5 4.
d4 Nf6 5. Nc3 Nc6 6. Bg5 Be6 7.
Bxf6 exf6 8. cxd5 Bxd5 9. Nf3 Bb4 10. Be2 O-O 11. O-O Bxc3 12. bxc3 Na5 13. Nd2 Rc8 14. Rc1 Bxa2 15. Qa4 Be6 16. c4 b6 17. d5 Bd7 18.
Qa2 Re8 19. Bd3 f5 20. Nf3 g6 21. h4 Rc5 22. h5 Qf6 23. Rfe1 Rec8 24. Ne5 Be8 25. Qe2 Nb7 26. Qf3 Qg5 27. hxg6 hxg6 28. Ra1 Na5 29. Qe2 Qf6 30. Rac1 Kg7 31. f4 Nb7 32. Ra1 Ra5 33. Rxa5 Nxa5 34. Rd1 Qd6 35. Qb2 Qc5+ 36. Kf1 Kg8 37. g4 fxg4 38. Nxg4 Nxc4 39. Nf6+ Kf8 40. Nh7+ Kg8 41. Nf6+ Kh8 42. Qh2+ Kg7 43. Nh5+ gxh5 44. Qxh5 Ne3+ 45. Ke2 Nxd1 46. Qh7+ Kf8 47. Qh8+ Ke7 48. Qe5+ Kd8 49. Qf6+ Qe7+ 50. Qxe7+ Kxe7 51. Kxd1 Kd6 52. Be4 Rc5 53. Kd2 Bd7 54. Kd3 Rxd5+ 55.
Bxd5 Kxd5 0-1

[Event "*** Titled Tuesday 3|2 Blitz"]
[Site "Chess.com"]
[Date "2015.06.02"]
[Round "1"]
[White "redchessman"]
[Black "GMNeiksans"]
[Result "0-1"]
[WhiteElo "2135"]
[BlackElo "2507"]
[TimeControl "180+2"]
[EndTime "11:09:54 PDT"]
[Termination "GMNeiksans won by resignation"]

1. Nf3 Nf6 2. c4 e6 3. d4 b6 4. g3 Ba6 5. Nbd2 Bb4 6. Qa4 Bxd2+ 7. Bxd2 O-O 8. Bg2 d5 9. cxd5 Nxd5 10. Qd1 Nd7 11. O-O c5 12. Re1 Qe7 13. e4 N5f6 14. d5 exd5 15. exd5 Qd8 16. Ne5 Nxe5 17. Rxe5 Bb7 18.
Bg5 h6 19. Bxf6 Qxf6 20. Re2 Rfd8 21. Rd2 Rd6 22. Qf3 Rad8 23. Rad1 Qxf3 24. Bxf3 g5 25. g4 Kg7 26. b3 Re8 27. Kg2 Re5 28. Kg3 Kf8 29. h4 Ke7 30. hxg5 hxg5 31. Bg2 Kd7 32. Bf3 Kc7 33. Bg2 a6 34. a4 f6 35. Bf3 b5 36. axb5 axb5 37. Rc2 Kb6 38. Rcd2 Ka5 39. Rd3 Kb6 40. R3d2 b4 41. Rd3 Ba6 42.
R3d2 c4 43. bxc4 Bxc4 44. Rb1 b3 45. Bd1 Re1 46. Rbb2 Rxd1 47. Rxd1 Kc5 48. f4 Rxd5 49. Rxd5+ Bxd5 50. fxg5 fxg5 51. Kf2 Kd4 52. Ke2 Kc3 53. Rb1 Be4 54. Rc1+ Bc2 55. Ke3 b2 56. Rg1 b1=Q 57. Rxb1 Bxb1 0-1

[Event "*** Titled Tuesday 3|2 Blitz"]
[Site "Chess.com"]
[Date "2015.06.02"]
[Round "1"]
[White "Ar4uha"]
[Black "pedromartinez91"]
[Result "0-1"]
[WhiteElo "2443"]
[BlackElo "2104"]
[TimeControl "180+2"]
[EndTime "11:09:55 PDT"]
[Termination "pedromartinez91 won by resignation"]

1. e4 c5 2. Nf3 Nc6 3. Bb5 g6 4. O-O Bg7 5. c3 Nf6 6. d4 cxd4 7. cxd4 d5 8. Ne5 Bd7 9. Nxd7 Qxd7 10. e5 Ng8 11. Nc3 e6 12. Bg5 h6 13. Bh4 Nge7 14.
Bxe7 Kxe7 15. Na4 Rhc8 16. Rc1 Kf8 17. Nc5 Qe7 18. Qa4 Nxe5 19. Nxb7 Qxb7 20. Ba6 Qxb2 21.
Rxc8+ Rxc8 22. Bxc8 Nc4 23. Qb3 Qxb3 24. axb3 Nd2 25.
Ra1 Bxd4 26. Ra4 Bb6 27. b4 Ne4 28. Ra2 Ke7 29. Ba6 f5 30. Kf1 Nc3 31. Rc2 d4 32. f4 g5 33. fxg5 hxg5 34. Bc4 e5 35. g3 e4 36. h4 Kf6 37. h5 Kg7 38. Be6 f4 39. gxf4 gxf4 40. Bf5 f3 41. Rh2 Kh6 42. Ke1 e3 43. Bd3 Nd5 44. Rh4 Nxb4 45. Be4 d3 46. Bxf3 Ba5 47. Kd1 Na2 48. Rd4 Nc3+ 49. Kc1 e2 50.
Rd6+ Kg5 51. Re6 Kf4 52. h6 Kxf3 53. h7 Ne4 54. h8=Q e1=Q+ 55. Kb2 0-1

[Event "*** Titled Tuesday 3|2 Blitz"]
[Site "Chess.com"]
[Date "2015.06.02"]
[Round "1"]
[White "Tal-Baronfew"]
[Black "MartinZumsande"]
[Result "1-0"]
[WhiteElo "2297"]
[BlackElo "2330"]
[TimeControl "180+2"]
[EndTime "11:10:02 PDT"]
[Termination "Tal-Baronfew won by checkmate"]

1. d4 d5 2. c4 c6 3. e3 Nf6 4. Bd3 g6 5. Nf3 Bg7 6. O-O Bg4 7. Nc3 O-O 8. h3 Bxf3 9. Qxf3 Nbd7 10. Rd1 e6 11. b3 Rc8 12. Bb2 Qa5 13. Qe2 Rfd8 14. a3 c5 15. b4 cxb4 16. axb4 Qxb4 17. c5 Ne4 18. Nxe4 dxe4 19. Bxe4 b6 20. Ba3 Qa5 21. c6 Nf6 22. Be7 Qc3 23. Rdc1 Qb3 24. Rcb1 Qc3 25. Rc1 Qb3 26. Ra3 Qxa3 27. Bxa3 Nxe4 28.
f3 Nf6 29. Qa6 Nd5 30. Qxa7 Nxe3 31. Be7 Re8 32. Qd7 Nd5 33. Bh4 Bxd4+ 34. Kh1 Bc5 35. Ra1 b5 36. Ra5 Nc7 37. Bg3 Bb6 38. Ra1 Nd5 39. h4 b4 40. h5 gxh5 41. Be5 b3 42. Rb1 Red8 43. Qb7 Nb4 44. Qxb6 Nxc6 45. Bb2 Rd2 46.
Qb7 Rdd8 47. Qb5 Rd5 48. Qa6 Rc7 49. Qa8+ Rd8 50. Qa4 Rb8 51. Qh4 Kf8 52. Qg3 Rbb7 53. Qg7+ Ke8 54. Qh8+ Ke7 55. Bf6+ Kd6 56. Qf8+ Kd5 57. Rd1+ Kc4 58. Rc1+ Kd3 59. Qd6+ Ke2 60. Qd1+ Ke3 61. Qe1+ Kd3 62. Rc3# 1-0

[Event "*** Titled Tuesday 3|2 Blitz"]
[Site "Chess.com"]
[Date "2015.06.02"]
[Round "1"]
[White "Carolina-moon"]
[Black "Cryptochess"]
[Result "0-1"]
[WhiteElo "1989"]
[BlackElo "2364"]
[TimeControl "180+2"]
[EndTime "11:10:08 PDT"]
[Termination "Cryptochess won by checkmate"]

1. e4 d6 2. d4 Nf6 3. Nc3 g6 4.
Bg5 Bg7 5. e5 dxe5 6. dxe5 Ng4 7. Qxd8+ Kxd8 8. Rd1+ Bd7 9. e6 fxe6 10. Bc4 Ke8 11. Nf3 Nc6 12. O-O Nge5 13. Nxe5 Nxe5 14. Bb3 Nf7 15. Bh4 Nd6 16. Rfe1 Bxc3 17. bxc3 Kf7 18.
Rd3 h5 19. Rf3+ Nf5 20. Bg3 c5 21. Be5 Rhd8 22. h3 Bc6 23. Rf4 b5 24. Bc7 c4 25.
Bxc4 bxc4 26. Bxd8 Rxd8 27. Rxc4 Bd5 28. Ra4 Rc8 29.
Rxa7 Rxc3 30. Re2 Nd4 31. Rd2 Nxc2 32. a4 Ne1 33. f3 Nd3 34. a5 Rc1+ 35. Kh2 Nc5 36.
Rc7 Rc4 37. Ra2 Ke8 38. Ra3 Kd8 39. Ra7 Rb4 40. a6 Rb6 41. h4 Bc6 42. Rc3 Nxa6 43. Rd3+ Bd5 44. g4 hxg4 45. fxg4 Nc5 46. Rd2 Ne4 47. Rc2 Ke8 48. h5 gxh5 49. gxh5 Nf6 50. Ra8+ Kf7 51. h6 Kg6 52. Rg2+ Bxg2 53. h7 Nxh7 54.
Kxg2 Ng5 55. Kg3 Rb3+ 56. Kg4 Rb4+ 57. Kg3 Ne4+ 58. Kf4 Nf6+ 59. Kf3 Kf5 60. Ra3 e5 61. Kg3 Rg4+ 62. Kh3 Rf4 63. Kg3 Ne4+ 64. Kh3 Ng5+ 65. Kg3 Rg4+ 66. Kh2 Kf4 67. Ra4+ e4 68. Ra7 Nf3+ 69. Kh3 Rg3# 0-1

[Event "*** Titled Tuesday 3|2 Blitz"]
[Site "Chess.com"]
[Date "2015.06.02"]
[Round "1"]
[White "MFBerna"]
[Black "jlandaw"]
[Result "0-1"]
[WhiteElo "1870"]
[BlackElo "2321"]
[TimeControl "180+2"]
[EndTime "11:10:12 PDT"]
[Termination "jlandaw won on time"]

1. e4 e5 2. Nf3 Nc6 3. Bb5 a6 4. Ba4 Nf6 5. O-O Be7 6. Re1 b5 7. Bb3 d6 8. c3 O-O 9. h3 Na5 10. Bc2 c5 11. d4 Qc7 12. Nbd2 cxd4 13. cxd4 Rd8 14. Nf1 exd4 15. Nxd4 d5 16. e5 Ne4 17.
Bf4 Bc5 18. Rc1 Qb6 19. Be3 Nc4 20. Bb1 Nxb2 21. Qb3 Bxd4 22. Qxb2 Bxb2 23. Bxb6 Re8 24. Rcd1 Bb7 25. f3 Nc3 26. Rd2 Na4 27. Bd4 Bc3 28. Bxc3 Nxc3 29. f4 f6 30. e6 Nxb1 31. Rxb1 Rxe6 32.
Rc1 Rc6 33. Rxc6 Bxc6 34. Ne3 Rd8 35. Nf5 Kf7 36. Nd4 Bb7 37. Rc2 Rc8 38. Rxc8 Bxc8 39. Kf2 Ke7 40. Ke3 Kd6 41. Nb3 Bf5 42. Kd4 Bb1 43. a3 Kc6 44. g3 Bc2 45. Nc5 a5 46.
Na6 Be4 47. Nc5 Bg2 48. h4 b4 49. axb4 axb4 50. Ne6 g6 51. Nf8 Kb5 52. Nxh7 Ka4 53. Nxf6 b3 54. Kc3 Ka3 55. Ng4 b2 56. Kc2 Be4+ 0-1

[Event "*** Titled Tuesday 3|2 Blitz"]
[Site "Chess.com"]
[Date "2015.06.02"]
[Round "1"]
[White "arnacman"]
[Black "Hikaru"]
[Result "0-1"]
[WhiteElo "2269"]
[BlackElo "2829"]
[TimeControl "180+2"]
[EndTime "11:10:37 PDT"]
[Termination "Hikaru won by resignation"]

1. e4 d6 2. d4 g6 3. Nc3 a6 4. Be3 Bg7 5. h3 b5 6. g4 Bb7 7. Bg2 Nf6 8. a3 h5 9. g5 Nfd7 10. h4 Nb6 11. b3 N8d7 12. Nge2 c5 13. Qd2 Rc8 14. f4 O-O 15. O-O cxd4 16. Bxd4 e5 17. Be3 exf4 18. Bxf4 Ne5 19. Rad1 Rc6 20. Nd4 Rc7 21.
Nd5 Nxd5 22. exd5 Qc8 23. Bxe5 Bxe5 24. Nc6 Bxc6 25. dxc6 Qg4 26. Rf3 Rxc6 27. Rdf1 Qxh4 28. Rh3 Qd4+ 29. Qxd4 Bxd4+ 30. Kh1 Rxc2 31. Bd5 Rc5 32. Bb7 Rxg5 33. Rd3 Rg4 34. Bxa6 Ra8 35. Bxb5 Rxa3 36. Bc4 Ra2 37. Rh3 Kg7 38. Rxf7+ Kh6 39. Rf1 Rd2 40. b4 Be5 41. Rc1 d5 42. Bf1 Rxb4 43. Bg2 Rbb2 44. Bf3 Rh2+ 45. Rxh2 Rxh2+ 46. Kg1 Rd2 47. Kf1 Bg3 48.
Be2 h4 49. Rc8 d4 50. Rd8 Kg5 51. Rd5+ Kf4 52. Rd6 h3 53. Rxg6 h2 54. Rh6 d3 55.
Bf3 Rf2+ 56. Ke1 Rxf3+ 57. Kd2 Kg4 0-1

[Event "*** Titled Tuesday 3|2 Blitz"]
[Site "Chess.com"]
[Date "2015.06.02"]
[Round "1"]
[White "Dlugy"]
[Black "David_Klein"]
[Result "1-0"]
[WhiteElo "2567"]
[BlackElo "2265"]
[TimeControl "180+2"]
[EndTime "11:10:49 PDT"]
[Termination "Dlugy won by resignation"]

1. d4 g6 2. c4 Bg7 3. e4 d6 4. Nc3 Nf6 5. Nf3 O-O 6. Be2 e5 7. dxe5 dxe5 8. Qxd8 Rxd8 9. Bg5 Re8 10. O-O-O c6 11.
Ne1 Ng4 12. Bh4 Be6 13. h3 Nh6 14. g4 f6 15. Nc2 Nf7 16. b3 Na6 17. Kb2 Rad8 18. f3 Kf8 19. Bf2 b6 20. h4 Rxd1 21.
Rxd1 Rd8 22. Rxd8+ Nxd8 23. a4 c5 24. Nd5 Nc6 25.
Na3 Ke8 26. Nb5 Kd7 27. g5 fxg5 28. hxg5 h5 29. gxh6 Bxh6 30. Bg3 Bg5 31. f4 exf4 32. Nxf4 Bf6+ 33. Kc1 Bf7 34. Bg4+ Ke7 35. Nd5+ Bxd5 36. exd5 Nd4 37. Nxd4 Bxd4 38. Bc8 Nb4 39. Bb8 Kd8 40. Bg4 Na6 41. Bf4 Bf6 42. Kd2 g5 43. Bd6 Be7 44.
Be5 Ke8 45. Ke3 Nb4 46. Ke4 Nc2 47. Bb8 a5 48. Bc7 Bd8 49. Be5 Nd4 50. d6 Nc6 51. Bc3 Nd4 52. Kd5 Bf6 53. Be1 Kd8 54. Bg3 Nxb3 55.
Kc6 Nd2 56. Be6 Ne4 57. Be1 Bc3 58. Bxc3 Nxc3 59. Kxb6 Nxa4+ 60. Kxa5 Nc3 61. Kb6 Ne4 62. Kc6 Nf6 63. Kxc5 g4 64. Kd4 g3 65. Bh3 Ng4 66. c5 Nf6 67. c6 Ne8 68. Ke5 g2 69.
Bxg2 Ng7 70. c7+ 1-0

[Event "*** Titled Tuesday 3|2 Blitz"]
[Site "Chess.com"]
[Date "2015.06.02"]
[Round "1"]
[White "only_defence"]
[Black "GasconJR"]
[Result "1/2-1/2"]
[WhiteElo "1948"]
[BlackElo "2298"]
[TimeControl "180+2"]
[EndTime "11:11:21 PDT"]
[Termination "Game drawn by repetition"]

1. d4 Nf6 2. c4 e6 3. Nc3 Bb4 4. e3 O-O 5. Ne2 Re8 6. a3 Bf8 7. Nf4 d5 8. Bd3 dxc4 9. Bxc4 c5 10. O-O a6 11. a4 cxd4 12. exd4 Nc6 13. d5 exd5 14.
Nfxd5 Nxd5 15. Bxd5 Be6 16. Be3 Bxd5 17. Qxd5 Qc8 18. Rfd1 Nb4 19. Qb3 Qf5 20. Ne2 Nc2 21.
Rac1 Nxe3 22. fxe3 Bc5 23. Nd4 Qg5 24. Rc3 Rad8 25.
Rcd3 h5 26. h3 Qd5 27. Qxd5 Rxd5 28. Kf2 Kf8 29. R1d2 h4 30. Nf3 Rxd3 31. Rxd3 Re4 32. Rc3 b6 33. b3 Ke7 34. Rd3 f6 35. Nh2 g5 36. Kf3 f5 37. Nf1 Ke6 38. Nd2 Re5 39. Nc4 Rd5 40. Ke2 b5 41. axb5 axb5 42. Nd2 g4 43.
Nf1 Bd6 44. Nd2 Ke5 45. e4 Rxd3 46. Kxd3 Kf4 47. exf5 Kxf5 48. Ne4 Be7 49. Nc3 Kf4 50. Nd5+ Kg3 51. hxg4 Bg5 52. Ne3 Bxe3 53. Kxe3 Kxg4 54.
Ke2 b4 55. Ke1 Kg3 56. Kf1 Kf4 57. Kf2 Ke4 58. Ke2 Kd4 59. Kd2 Ke4 60. Ke2 Kf4 61. Kf2 Kg4 62. Kf1 Kg3 63. Kg1 Kf4 64. Kf2 Ke4 65.
Ke2 Kd4 66. Kd2 Ke4 67. Ke2 Kf4 68. Kf2 1/2-1/2